 Dungeon Crawl Stone Soup version 0.19.5 (webtiles) character file.

23499 shmeve the Blocker (level 12, -3/112 HPs)
             Began as a Minotaur Berserker on Dec 2, 2016.
             Was the Champion of Trog.
             Killed from afar by an ogre mage (21 damage)
             ... with a bolt of fire
             ... on level 13 of the Dungeon on May 24, 2017.
             The game lasted 00:32:29 (10863 turns).

shmeve the Blocker (Minotaur Berserker)            Turns: 10863, Time: 00:32:29

Health: -3/112     AC: 20    Str: 28    XL:     12   Next: 72%
Magic:  11/11      EV: 11    Int:  4    God:    Trog [******]
Gold:   1458       SH: 20    Dex: 11    Spells: 0 memorised, 11 levels left

rFire  . . .     SeeInvis .     V - +2 war axe (flame)
rCold  . . .     Gourm    .     L - +6 scale mail "Fiskeusm" {Str+2}
rNeg   . . .     Faith    .     P - +0 large shield
rPois  .         Spirit   .     (helmet restricted)
rElec  .         Reflect  .     a - +0 cloak
rCorr  +         Harm     .     M - +2 pair of gloves {archery}
MR     ++...                    x - +0 pair of boots
Stlth  ..........               (no amulet)
                                (no ring)
                                l - ring of resist corrosion

@: exhausted, regenerating
A: retaliatory headbutt, horns 2
a: Berserk, Trog's Hand, Brothers in Arms, Burn Spellbooks, Renounce Religion


You were on level 13 of the Dungeon.
You worshipped Trog.
Trog was exalted by your worship.
You were not hungry.

You visited 1 branch of the dungeon, and saw 13 of its levels.
You also visited: Sewer and Bailey.

You collected 1570 gold pieces.
You spent 112 gold pieces at shops.

Inventory:

Hand Weapons
 V - a +2 war axe of flaming (weapon)
Missiles
 J - 4 steel javelins (quivered)
 O - 6 javelins of penetration
Armour
 a - a +0 cloak (worn)
 e - a +0 plate armour
 x - a +0 pair of boots (worn)
 L - the +6 scale mail "Fiskeusm" (worn) {Str+2}
   (You took it off a hobgoblin in a bailey)

   It affects your strength (+2).
 M - a +2 pair of gloves of archery (worn)
 P - a +0 large shield (worn)
Jewellery
 l - a ring of resist corrosion (left hand)
Wands
 w - a wand of heal wounds (2/9)
Scrolls
 b - a scroll of noise {unknown}
 h - 18 scrolls of identify
 i - 4 scrolls of remove curse
 k - 4 scrolls of recharging {unknown}
 m - 5 scrolls of amnesia {unknown}
 n - 8 scrolls of teleportation
 p - 4 scrolls of magic mapping {unknown}
 q - a scroll of blinking {unknown}
 s - 4 scrolls of fog {unknown}
 y - 6 scrolls of enchant armour {unknown}
 C - 7 scrolls of enchant weapon {unknown}
 D - 2 scrolls of brand weapon {unknown}
 G - a scroll of vulnerability {unknown}
 I - 4 scrolls of immolation {unknown}
 N - a scroll of holy word {unknown}
 T - a scroll of random uselessness {unknown}
 W - a scroll of fear {unknown}
Potions
 d - a potion of brilliance {unknown}
 f - a potion of degeneration {unknown}
 g - 5 potions of curing {unknown}
 o - 4 potions of agility {unknown}
 r - a potion of might {unknown}
 t - 2 potions of flight
 u - 2 potions of magic {unknown}
 z - a potion of haste
 E - 2 potions of heal wounds {unknown}
 F - a potion of lignification {unknown}
 H - 2 potions of cancellation {unknown}
 Q - a potion of berserk rage {unknown}
Comestibles
 c - 8 bread rations
 j - 4 beef jerkies
 v - 5 meat rations
 A - 3 slices of pizza
 B - 8 fruits
 K - 7 royal jellies
 Z - 12 chunks of flesh


   Skills:
 * Level 12.1 Fighting
 * Level 12.4 Axes
 + Level 7.3 Throwing
 + Level 9.0 Armour
 + Level 7.8 Dodging
 * Level 12.6 Shields


You had 11 spell levels left.
You didn't know any spells.

Dungeon Overview and Level Annotations

Branches:
Dungeon (13/15)            Temple (0/1) D:6            Lair (0/6) D:11
    Orc (0/2) D:9          Vaults (0/5) D:13

Altars:
Ashenzari
Cheibriados
Elyvilon
Fedhas
Gozag
Makhleb
Nemelex Xobeh
Qazlal
Ru
Sif Muna
Uskayaw
Vehumet
Xom
Zin
The Shining One

Shops:
D:6 :   D:8 *   D:9 [


Innate Abilities, Weirdness & Mutations

You reflexively headbutt those who attack you in melee.
You have a pair of horns on your head.


Message History

Your Armour skill increases to level 9!
You hit the ogre. You burn the ogre. You slash the ogre! You burn the ogre.
You slash the two-headed ogre! You burn the two-headed ogre.
You kill the two-headed ogre!
Trog accepts your kill. You block the ogre's attack.
Your skin crawls.
You feel resistant to hostile enchantments.
You feel somewhat more hungry. The ogre misses you.
You block the ogre's attack. You block the ogre mage's attack.
You slice the ogre!! You burn the ogre.
You kill the ogre!
Trog accepts your kill.
You slash the ogre! You burn the ogre.
You kill the ogre!
Trog accepts your kill.
You closely miss the ogre mage. The ogre mage casts a spell at you.
The bolt of fire hits you!
You die...

#.. #<. #.. #
##..# ###+###
#.#...(####.....##
#.......##.#...#.#
#.#....))#.......#
#.....)@.'...∩...+
......O))#...))..#
.###....##.#).)#.#
.#
#.....####.))).##
.# #.##.# ###(###
.# .. .[. ##...##
#.# . ....
##.....####..#
....
#.......##...#
................#


You could see an ogre mage.

Vanquished Creatures
  Erolcha (D:11)
  4 vault guards (D:13)
  A death knight (D:9)
  A centaur warrior (D:13)
  An unseen horror (D:12)
  An orc knight (Bailey)
  2 ugly things
  2 deep elf magi
  A manticore (D:11)
  A komodo dragon (D:8)
  2 gargoyles
  A queen bee (D:8)
  A troll (D:11)
  4 two-headed ogres
  4 slime creatures (D:13)
  2 hippogriffs
  Sigmund (D:2)
  3 wyverns
  A wyvern (shapeshifter) (D:10)
  Eustachio (D:5)
  6 yaks
  5 hungry ghosts
  4 wargs
  Duvessa (D:5)
  Purgy (Sewer)
  4 black bears
  9 orc warriors
  4 ice beasts
  6 phantoms
  3 sky beasts
  A necrophage (D:12)
  14 ogres
  10 centaurs
  A crocodile (D:10)
  6 big kobolds
  Blork the orc (D:5)
  10 bullfrogs
  Dowan (D:5)
  3 scorpions
  The ghost of Spif the Shield-Bearer, a weakling MiFi (D:3)
  15 killer bees (D:8)
  13 wights
  A howler monkey (D:6)
  5 crimson imps
  14 two-headed ogre zombies (D:11)
  10 hounds
  A quasit (D:9)
  7 orc priests
  8 jellies
  12 orc wizards
  4 centaur skeletons
  2 iguanas
  Jessica (D:2)
  A bullfrog skeleton (D:13)
  10 worker ants
  A killer bee zombie (D:7)
  A hound zombie (D:6)
  2 hound skeletons
  A worker ant zombie (D:5)
  2 gnolls (Bailey)
  7 adders
  4 shadow imps
  An ooze (D:3)
  An adder skeleton (D:4)
  4 worms
  2 dart slugs
  4 leopard geckos
  43 orcs
  8 bats
  3 giant cockroaches
  19 goblins
  9 hobgoblins
  8 jackals
  2 quokkas
  5 ball pythons
  15 frilled lizards
  39 kobolds
  2 leopard gecko skeletons
  A quokka zombie (D:5)
  5 rats
419 creatures vanquished.

Notes
Turn   | Place    | Note
-------+----------+-------------------------------------------
     0 | D:1      | shmeve the Minotaur Berserker began the quest for the Orb.
     0 | D:1      | Reached XP level 1. HP: 19/19 MP: 0/0
    97 | D:1      | Found a sparkling altar of Nemelex Xobeh.
   107 | D:1      | Reached XP level 2. HP: 20/27 MP: 1/1
   241 | D:1      | Reached ** piety under Trog
   268 | D:1      | Reached XP level 3. HP: 32/33 MP: 2/2
   566 | D:2      | Reached skill level 1 in Throwing
   625 | D:2      | Noticed Sigmund
   643 | D:2      | Killed Sigmund
   643 | D:2      | Reached skill level 5 in Axes
   643 | D:2      | Reached XP level 4. HP: 34/41 MP: 3/3
   643 | D:2      | Reached XP level 5. HP: 39/47 MP: 4/4
   789 | D:2      | Noticed Jessica
   792 | D:2      | Killed Jessica
   792 | D:2      | Reached skill level 5 in Fighting
   872 | D:2      | Found a burning altar of Makhleb.
  1238 | D:3      | Found a glowing drain.
  1274 | Sewer    | Entered a sewer
  1299 | Sewer    | Noticed Purgy
  1318 | Sewer    | Killed Purgy
  1318 | Sewer    | Reached XP level 6. HP: 50/56 MP: 5/5
  1381 | Sewer    | Reached *** piety under Trog
  1476 | D:3      | Noticed Spif's ghost (weakling MiFi)
  1486 | D:3      | Killed Spif's ghost
  1836 | D:3      | Found a white marble altar of Elyvilon.
  1849 | D:3      | Found a glowing golden altar of the Shining One.
  2104 | D:4      | Reached XP level 7. HP: 63/63 MP: 6/6
  2427 | D:4      | Found a deep blue altar of Sif Muna.
  2472 | D:4      | Reached **** piety under Trog
  2613 | D:4      | Reached XP level 8. HP: 68/71 MP: 7/7
  2790 | D:5      | Entered Level 5 of the Dungeon
  2842 | D:5      | Noticed Eustachio
  2860 | D:5      | Killed Eustachio
  2860 | D:5      | Reached skill level 5 in Armour
  2901 | D:5      | Noticed Blork the orc
  2906 | D:5      | Killed Blork the orc
  2993 | D:5      | Noticed Duvessa
  3000 | D:5      | Killed Duvessa
  3001 | D:5      | Noticed Dowan
  3008 | D:5      | Killed Dowan
  3651 | D:6      | Found a staircase to the Ecumenical Temple.
  3657 | D:6      | Reached skill level 5 in Dodging
  3675 | D:6      | Received a gift from Trog
  3842 | D:6      | Found an opulent altar of Gozag.
  4086 | D:6      | Found Jus Muph's Book Shoppe.
  4090 | D:6      | Upgraded the game from 0.19.1 to 0.19.5
  4162 | D:6      | Reached XP level 9. HP: 78/81 MP: 8/8
  4286 | D:6      | Found a shimmering altar of Xom.
  4288 | D:6      | Found a shimmering altar of Xom.
  4288 | D:6      | Found a hide-covered altar of Uskayaw.
  4290 | D:6      | Found a deep blue altar of Sif Muna.
  4290 | D:6      | Found a glowing golden altar of the Shining One.
  4290 | D:6      | Found a blossoming altar of Fedhas.
  4728 | D:7      | Received a gift from Trog
  4935 | D:7      | Found a sacrificial altar of Ru.
  4944 | D:7      | Found a snail-covered altar of Cheibriados.
  5232 | D:8      | Found a flagged portal.
  5265 | Bailey   | Entered a bailey
  5272 | Bailey   | Noticed an orc knight
  5328 | Bailey   | Reached skill level 5 in Throwing
  5349 | Bailey   | Got a brightly glowing scale mail
  5360 | Bailey   | Identified the +6 scale mail "Fiskeusm" {Str+2} (You took it off a hobgoblin in a bailey)
  5384 | Bailey   | Killed an orc knight
  5384 | Bailey   | Reached skill level 10 in Axes
  5393 | Bailey   | Received a gift from Trog
  5672 | D:8      | Noticed a komodo dragon
  5682 | D:8      | Killed a komodo dragon
  5682 | D:8      | Reached XP level 10. HP: 57/93 MP: 9/9
  5932 | D:8      | Found a radiant altar of Vehumet.
  6038 | D:8      | Reached skill level 10 in Fighting
  6264 | D:8      | Found Fezuaz's Assorted Antiques.
  6344 | D:8      | Reached ***** piety under Trog
  6484 | D:8      | Received a gift from Trog
  6804 | D:9      | Found a staircase to the Orcish Mines.
  6814 | D:9      | Received a gift from Trog
  7152 | D:9      | Noticed a death knight
  7162 | D:9      | Killed a death knight
  7231 | D:9      | Received a gift from Trog
  7465 | D:9      | Found Kedeva's Antique Armour Shoppe.
  7479 | D:9      | Bought a large shield for 112 gold pieces
  7626 | D:10     | Entered Level 10 of the Dungeon
  7646 | D:10     | Reached XP level 11. HP: 102/102 MP: 10/10
  7653 | D:10     | Reached skill level 1 in Shields
  7715 | D:10     | Found a glowing silver altar of Zin.
  8197 | D:10     | Reached skill level 5 in Shields
  8700 | D:11     | Received a gift from Trog
  8702 | D:11     | Found a staircase to the Lair.
  9273 | D:11     | Found a shattered altar of Ashenzari.
  9403 | D:11     | Noticed a purple ugly thing
  9411 | D:11     | Killed a purple ugly thing
  9448 | D:11     | Found a stormy altar of Qazlal.
  9688 | D:11     | Reached skill level 10 in Shields
  9708 | D:11     | Noticed Erolcha
  9716 | D:11     | Killed Erolcha
  9717 | D:11     | Reached ****** piety under Trog
  9767 | D:12     | Noticed a white ugly thing
  9775 | D:12     | Killed a white ugly thing
 10004 | D:12     | Killed an unseen horror
 10004 | D:12     | Reached XP level 12. HP: 82/110 MP: 11/11
 10490 | D:12     | Received a gift from Trog
 10802 | D:13     | Found a gate to the Vaults.
 10802 | D:13     | Noticed a vault guard
 10802 | D:13     | Noticed a centaur warrior
 10802 | D:13     | Noticed a vault guard
 10802 | D:13     | Noticed a vault guard
 10802 | D:13     | Noticed a vault guard
 10809 | D:13     | Killed a vault guard
 10817 | D:13     | Killed a vault guard
 10820 | D:13     | Killed a vault guard
 10822 | D:13     | Killed a vault guard
 10827 | D:13     | Killed a centaur warrior
 10853 | D:13     | Noticed an ogre mage
 10863 | D:13     | Killed from afar by an ogre mage

Skill      XL: |  1  2  3  4  5  6  7  8  9 10 11 12 |
---------------+-------------------------------------+-----
Axes           | 4 5 6 7 8 10 11 12 | 12.4
Throwing       | 1 2 3 4 5 6 7 |  7.3
Fighting       | 4 5 6 8 9 11 12 | 12.1
Armour         | 3 4 5 6 8 9 |  9.0
Dodging        | 3 4 5 6 7 |  7.8
Shields        | 11 12 | 12.6

Action                   |  1- 3 |  4- 6 |  7- 9 | 10-12 || total
-------------------------+-------+-------+-------+-------++-------
Melee: Hand axe          |    72 |   104 |       |       ||   176
       Headbutt          |     8 |    19 |    59 |   103 ||   189
       War axe           |       |     8 |   300 |   522 ||   830
Invok: Berserk           |       |     2 |     2 |     6 ||    10
       Trog's Hand       |       |       |     1 |     2 ||     3
       Burn Spellbooks   |       |       |     1 |     1 ||     2
  Use: Potion            |       |       |     1 |     2 ||     3
       Scroll            |       |       |       |     2 ||     2
 Stab: Sleeping          |     1 |       |       |       ||     1
  Eat: Chunk             |       |     5 |    13 |    29 ||    47
       Beef jerky        |       |       |     1 |       ||     1
       Pizza             |       |       |       |     1 ||     1
Armor: Plate armour      |    59 |   104 |   216 |       ||   379
       Animal skin       |     1 |       |       |       ||     1
       Scale mail        |       |       |    13 |   222 ||   235
Dodge: Dodged            |    46 |    47 |   170 |   250 ||   513
Block: Large shield      |       |       |       |   227 ||   227
